 Dungeon Crawl Stone Soup version 0.29.0-4-gdea44cf6ec (webtiles) character file.

Game seed: 4403025152682496913

779 qw the Grappler (level 7, -3/58 HPs)
             Began as a Ghoul Fire Elementalist on Aug 29, 2022.
             Slain by an ogre
             ... wielding a +0 giant club
              (15 damage)
             ... on level 5 of the Dungeon.
             The game lasted 00:04:24 (5189 turns).

qw the Grappler (Ghoul Fire Elementalist)           Turns: 5189, Time: 00:04:25

Health: -3/58      AC:  5    Str: 14    XL:     7   Next: 85%
Magic:  8/8        EV: 11    Int: 10    God:
Gold:   248        SH:  0    Dex: 15    Spells: 8/9 levels left

rFire   . . .      SeeInvis .     - Unarmed
rCold   + . .      Faith    .   (no shield)
rNeg    + + +      Spirit   .   k - +0 ring mail
rPois   inf        Reflect  .   (no helmet)
rElec   .          Harm     .   (no cloak)
rCorr   .          Rampage  .   (no gloves)
Will    .....                   (no boots)
Stlth   +.........              (no amulet)
HPRegen 0.00/turn               g - +6 ring of dexterity
MPRegen 0.11/turn               (no ring)

@: about to teleport, inhibited regen
A: claws 1, cold resistance 1, negative energy resistance 3, inhibited
regeneration, torment resistance 2, devour on kill
a: no special abilities


You were on level 5 of the Dungeon.
You visited 1 branch of the dungeon, and saw 5 of its levels.

You collected 248 gold pieces.


Innate Abilities, Weirdness & Mutations

You are immune to poison.
You have sharp fingernails.
Your flesh is cold resistant. (rC+)
You are immune to negative energy. (rN+++)
You do not regenerate when monsters are visible.
You are immune to unholy pain and torment.
You thrive by killing the living.


   Skills:
 + Level 3.6 Fighting
 - Level 1.7 Dodging
 - Level 2.1 Stealth
 - Level 8.3 Unarmed Combat
 - Level 1.7 Spellcasting
 - Level 0.7 Conjurations
 - Level 2.4 Fire Magic


You had 8 spell levels left.
You knew the following spells:

 Your Spells              Type           Power      Damage    Failure   Level
a - Foxfire               Conj/Fire      16%        2x1d4     34%         1

Your spell library contained the following spells:

 Spells                   Type           Power      Damage    Failure   Level
 Scorch                   Fire           10%        2d6       36%         2
 Conjure Flame            Conj/Fire      4%         6-21      71%         3
 Inner Flame              Hex/Fire       3%         N/A       77%         3
 Flame Wave               Conj/Fire      4%         2d5       98%         4

Inventory:

Armour
 h - a +0 scale mail
 i - a +0 cloak
 k - a +0 ring mail (worn)
Jewellery
 g - a +6 ring of dexterity (left claw)
Scrolls
 a - 2 scrolls of teleportation
 f - a scroll of identify
Potions
 b - a potion of might
 c - a potion of lignification {unknown}
 d - a potion of mutation
 e - a potion of curing
 j - a potion of resistance
 l - a potion of cancellation {unknown}
 m - a potion of invisibility {unknown}
 n - a potion of haste

Dungeon Overview and Level Annotations

Branches:
Dungeon (5/15)
 Temple: D:4-7

Altars:
Ashenzari


Message History

The hound barely misses you. The iguana barely misses you. The hound bites you.
You scratch the iguana.
The iguana is almost dead.
The iguana closely misses you. The hound bites you.
You scratch the iguana.
You kill the iguana!
The hound bites you.
You closely miss the hound. The hound bites you. The hound closely misses you.
You claw the hound!
The hound is heavily wounded.
The hound closely misses you.
You scratch the hound but do no damage.
The hound is heavily wounded.
The hound barely misses you.
You scratch the hound.
The hound is severely wounded.
The hound bites you. The ogre barely misses you.
You closely miss the hound.
The hound is severely wounded.
The hound barely misses you. The hound closely misses you.
You closely miss the hound.
The hound is severely wounded.
The hound bites you but does no damage. The ogre barely misses you.
You scratch the hound.
You kill the hound!
You feel better.
You claw the ogre!
The ogre is moderately wounded.
The ogre closely misses you.
You scratch the ogre.
The ogre is moderately wounded.
You claw the ogre!
The ogre is heavily wounded.
The ogre hits you with a +0 giant club!!
5189 ||| READING 3 scrolls of teleportation.
As you read the scroll of teleportation, it crumbles to dust.
You feel strangely unstable. The ogre hits you with a +0 giant club!
You die...

.........#...................
.............................
#########.#####..............
#.....#.........##...
#.....#....##...##... #.....#
#...#.... #.....# #.. +....
#.....# ## ##... #...@.# #...
#..%.O# #### ..........#
...)......# ..........#
..........# ..........#
####......#


You could see an ogre.

Vanquished Creatures
  A black bear (D:5)
  4 scorpions
  A howler monkey (D:5)
  2 hounds (D:5)
  2 orc priests (D:4)
  3 iguanas (D:5)
  9 adders
  3 gnolls (D:5)
  A worm (D:3)
  6 dart slugs
  6 orcs (D:4)
  7 bats
  5 endoplasms
  5 giant cockroaches
  5 goblins
  8 hobgoblins
  6 jackals
  2 quokkas
  5 ball pythons
  3 frilled lizards
  7 kobolds
  6 rats
97 creatures vanquished.

Notes
Turn   | Place    | Note
-------+----------+-------------------------------------------
     0 | D:1      | qw the Ghoul Fire Elementalist began the quest for the Orb.
     0 | D:1      | Reached XP level 1. HP: 14/14 MP: 2/2
     0 | D:1      | 0 ||| qw: Version: 0.1-a-90-g952f4b7
     0 | D:1      | 0 ||| qw: Game counter: 3873
     0 | D:1      | 0 ||| qw: Always use a shield: true
     0 | D:1      | 0 ||| qw: God list: Okawaru
     0 | D:1      | 0 ||| qw: Allow faded altars: false
     0 | D:1      | 0 ||| qw: Do Orc after D:15 true
     0 | D:1      | 0 ||| qw: Do second Lair branch before Depths: true
     0 | D:1      | 0 ||| qw: Lair rune preference: random
     0 | D:1      | 0 ||| qw: Plans: Normal
     0 | D:1      | 0 ||| PLANNING D:1-11
    47 | D:1      | Reached skill level 1 in Unarmed Combat
   402 | D:1      | Found a faded altar of an unknown god.
   413 | D:1      | 413 ||| Stepping ~*~*~tactically~*~*~ (stealth).
   417 | D:1      | 417 ||| Stepping ~*~*~tactically~*~*~ (outnumbered).
   418 | D:1      | 418 ||| Stepping ~*~*~tactically~*~*~ (outnumbered).
   419 | D:1      | 419 ||| Stepping ~*~*~tactically~*~*~ (outnumbered).
   420 | D:1      | 420 ||| Stepping ~*~*~tactically~*~*~ (outnumbered).
   421 | D:1      | 421 ||| Stepping ~*~*~tactically~*~*~ (outnumbered).
   422 | D:1      | 422 ||| Stepping ~*~*~tactically~*~*~ (outnumbered).
   423 | D:1      | 423 ||| Stepping ~*~*~tactically~*~*~ (outnumbered).
   424 | D:1      | 424 ||| Stepping ~*~*~tactically~*~*~ (outnumbered).
   425 | D:1      | 425 ||| Stepping ~*~*~tactically~*~*~ (outnumbered).
   426 | D:1      | 426 ||| Stepping ~*~*~tactically~*~*~ (outnumbered).
   427 | D:1      | 427 ||| Stepping ~*~*~tactically~*~*~ (outnumbered).
   428 | D:1      | 428 ||| Stepping ~*~*~tactically~*~*~ (outnumbered).
   429 | D:1      | 429 ||| Stepping ~*~*~tactically~*~*~ (outnumbered).
   437 | D:1      | Reached skill level 1 in Fighting
   437 | D:1      | Reached XP level 2. HP: 20/23 MP: 3/3
   629 | D:1      | 629 ||| Stepping ~*~*~tactically~*~*~ (stealth).
   631 | D:1      | 631 ||| Stepping ~*~*~tactically~*~*~ (stealth).
   650 | D:1      | 650 ||| Stepping ~*~*~tactically~*~*~ (stealth).
   651 | D:1      | 651 ||| Stepping ~*~*~tactically~*~*~ (hiding).
   652 | D:1      | 652 ||| Stepping ~*~*~tactically~*~*~ (stealth).
   653 | D:1      | 653 ||| Stepping ~*~*~tactically~*~*~ (hiding).
   660 | D:1      | 660 ||| Stepping ~*~*~tactically~*~*~ (outnumbered).
   662 | D:1      | 662 ||| Stepping ~*~*~tactically~*~*~ (outnumbered).
   663 | D:1      | 663 ||| Stepping ~*~*~tactically~*~*~ (outnumbered).
   665 | D:1      | 665 ||| Stepping ~*~*~tactically~*~*~ (outnumbered).
   666 | D:1      | 666 ||| Stepping ~*~*~tactically~*~*~ (outnumbered).
   667 | D:1      | 667 ||| Stepping ~*~*~tactically~*~*~ (outnumbered).
   683 | D:1      | Reached skill level 2 in Unarmed Combat
   874 | D:1      | Reached XP level 3. HP: 20/28 MP: 4/4
  1422 | D:1      | 1422 ||| UPGRADING to +6 ring of dexterity.
  1423 | D:1      | 1423 ||| READING scroll labelled ODDOYM ZEGGO.
  1424 | D:1      | 1424 ||| READING scroll labelled ELAESI XESOHA.
  1425 | D:1      | 1425 ||| READING scroll labelled ICOPNI XEKEUFIX.
  1426 | D:1      | 1426 ||| DRINKING 2 smoky orange potions.
  1427 | D:1      | 1427 ||| DROPPING potion of magic.
  1506 | D:2      | 1506 ||| Stepping ~*~*~tactically~*~*~ (stealth).
  1592 | D:2      | Reached skill level 3 in Unarmed Combat
  1878 | D:2      | Reached XP level 4. HP: 33/35 MP: 5/5
  2092 | D:2      | 2092 ||| Stepping ~*~*~tactically~*~*~ (stealth).
  2151 | D:2      | 2151 ||| UPGRADING to +0 leather armour.
  2174 | D:2      | 2174 ||| DROPPING +0 robe.
  2175 | D:2      | 2175 ||| READING scroll labelled PUOF LOFAUCHELAEF.
  2176 | D:2      | 2176 ||| READING scroll labelled CAIBRE BAFEN.
  2177 | D:2      | 2177 ||| READING scroll labelled CETATA ZIPAITHI.
  2178 | D:2      | 2178 ||| READING scroll labelled AGATZY JASIBE.
  2179 | D:2      | 2179 ||| DRINKING 2 bubbling golden potions.
  2208 | D:2      | 2208 ||| Stepping randomly (stuck).
  2247 | D:2      | 2247 ||| Stepping randomly (stuck).
  2458 | D:3      | Noticed a scorpion
  2474 | D:3      | HP: 3/35 [scorpion (7)]
  2475 | D:3      | Killed a scorpion
  2476 | D:3      | Reached skill level 4 in Unarmed Combat
  2476 | D:3      | Reached XP level 5. HP: 7/40 MP: 6/6
  2503 | D:3      | 2503 ||| FLEEEEING.
  2504 | D:3      | 2504 ||| FLEEEEING.
  2505 | D:3      | 2505 ||| FLEEEEING.
  2506 | D:3      | 2506 ||| FLEEEEING.
  2507 | D:3      | 2507 ||| FLEEEEING.
  2508 | D:3      | 2508 ||| FLEEEEING.
  2509 | D:3      | 2509 ||| FLEEEEING.
  2510 | D:3      | 2510 ||| FLEEEEING.
  2511 | D:3      | 2511 ||| FLEEEEING.
  2512 | D:3      | 2512 ||| FLEEEEING.
  2513 | D:3      | 2513 ||| FLEEEEING.
  2514 | D:3      | 2514 ||| FLEEEEING.
  2515 | D:3      | 2515 ||| FLEEEEING.
  2516 | D:3      | 2516 ||| FLEEEEING.
  2517 | D:3      | 2517 ||| FLEEEEING.
  2518 | D:3      | 2518 ||| FLEEEEING.
  2519 | D:3      | 2519 ||| FLEEEEING.
  2520 | D:3      | 2520 ||| FLEEEEING.
  2521 | D:3      | 2521 ||| FLEEEEING.
  2522 | D:3      | 2522 ||| FLEEEEING.
  2523 | D:3      | 2523 ||| FLEEEEING.
  2524 | D:3      | 2524 ||| FLEEEEING.
  2525 | D:3      | 2525 ||| FLEEEEING.
  2526 | D:3      | 2526 ||| FLEEEEING.
  2527 | D:3      | 2527 ||| FLEEEEING.
  2529 | D:3      | 2529 ||| FLEEEEING.
  2530 | D:3      | 2530 ||| FLEEEEING.
  2531 | D:3      | 2531 ||| FLEEEEING.
  2532 | D:3      | 2532 ||| FLEEEEING.
  2533 | D:3      | 2533 ||| FLEEEEING.
  2534 | D:3      | 2534 ||| FLEEEEING.
  2535 | D:3      | 2535 ||| FLEEEEING.
  2536 | D:3      | 2536 ||| FLEEEEING.
  2537 | D:3      | 2537 ||| FLEEEEING.
  2538 | D:3      | 2538 ||| FLEEEEING.
  2539 | D:3      | 2539 ||| FLEEEEING.
  2542 | D:3      | 2542 ||| FLEEEEING.
  2543 | D:3      | 2543 ||| FLEEEEING.
  2550 | D:3      | 2550 ||| FLEEEEING.
  2551 | D:3      | 2551 ||| FLEEEEING.
  2552 | D:3      | 2552 ||| STAIRDANCE
  2728 | D:2      | 2728 ||| READING scroll labelled IWODAUMOTE.
  3313 | D:3      | 3313 ||| DROPPING ring of magical power.
  3314 | D:3      | 3314 ||| READING scroll labelled XULEVU BOIT.
  3534 | D:4      | 3534 ||| Stepping ~*~*~tactically~*~*~ (stealth).
  3540 | D:4      | 3540 ||| Stepping ~*~*~tactically~*~*~ (stealth).
  3694 | D:4      | Reached skill level 5 in Unarmed Combat
  3865 | D:4      | Identified the +4 trident of Hadep {chaos, rC+ Stlth+}
  3912 | D:4      | 3912 ||| Stepping ~*~*~tactically~*~*~ (outnumbered).
  3913 | D:4      | 3913 ||| Stepping ~*~*~tactically~*~*~ (outnumbered).
  3914 | D:4      | 3914 ||| Stepping ~*~*~tactically~*~*~ (outnumbered).
  3915 | D:4      | 3915 ||| Stepping ~*~*~tactically~*~*~ (outnumbered).
  3916 | D:4      | 3916 ||| Stepping ~*~*~tactically~*~*~ (outnumbered).
  3997 | D:4      | 3997 ||| Stepping ~*~*~tactically~*~*~ (stealth).
  4004 | D:4      | 4004 ||| Stepping ~*~*~tactically~*~*~ (stealth).
  4077 | D:4      | Reached skill level 6 in Unarmed Combat
  4077 | D:4      | Reached XP level 6. HP: 48/48 MP: 7/7
  4148 | D:4      | 4148 ||| Stepping ~*~*~tactically~*~*~ (hiding).
  4158 | D:4      | HP: 12/50 [orc/+0 short sword (3)]
  4159 | D:4      | Reached skill level 3 in Fighting
  4159 | D:4      | 4159 ||| READING 4 scrolls of teleportation.
  4160 | D:4      | 4160 ||| DRINKING potion of heal wounds.
  4498 | D:4      | 4498 ||| UPGRADING to +0 ring mail.
  4508 | D:4      | 4508 ||| DROPPING +0 leather armour.
  4509 | D:4      | 4509 ||| READING scroll labelled LEJEUP BORYBUTS.
  4510 | D:4      | 4510 ||| DRINKING 2 glowing white potions.
  4511 | D:4      | 4511 ||| DRINKING 2 fuming green potions.
  4512 | D:4      | 4512 ||| READING 5 scrolls of identify.
  4512 | D:4      | 4512 ||| IDENTIFYING white potion
  4513 | D:4      | 4513 ||| READING 4 scrolls of identify.
  4513 | D:4      | 4513 ||| IDENTIFYING blue potion
  4514 | D:4      | 4514 ||| READING 3 scrolls of identify.
  4514 | D:4      | 4514 ||| IDENTIFYING silvery potion
  4515 | D:4      | 4515 ||| READING 2 scrolls of identify.
  4515 | D:4      | 4515 ||| IDENTIFYING metallic inky potion
  4516 | D:4      | 4516 ||| DROPPING potion of berserk rage.
  4517 | D:4      | 4517 ||| DROPPING potion of attraction.
  4518 | D:4      | 4518 ||| DROPPING potion of flight.
  4534 | D:5      | Entered Level 5 of the Dungeon
  4624 | D:5      | Reached XP level 7. HP: 57/57 MP: 8/8
  4689 | D:5      | Reached skill level 7 in Unarmed Combat
  4795 | D:5      | Found a broken altar of Ashenzari.
  4800 | D:5      | 4800 ||| Stepping ~*~*~tactically~*~*~ (stealth).
  4960 | D:5      | Reached skill level 8 in Unarmed Combat
  5188 | D:5      | HP: 12/58 [ogre/+0 giant club (21)]
  5189 | D:5      | 5189 ||| READING 3 scrolls of teleportation.
  5189 | D:5      | Slain by an ogre

Levels and vault maps discovered:
D:1:      dpeg_arrival_pits, layout_rooms, hellmonk_ecumenical_altar_crossroads,
          st_stairs_1, grunt_decor_clamped
D:2:      layout_basic, basic_altar
D:3:      layout_basic, zin_statuary
D:4:      layout_loops_ring, corexii_item_surrounded_by_moat, nrook_campfire
D:5:      layout_gridville, mainiacjoe_overflow_tiny_flanked, serial_shops,
          kennysheep_mini, uniq_sigmund

Skill      XL: |  1  2  3  4  5  6  7 |
---------------+----------------------+-----
Unarmed Combat | 1 2 3 4 6 8 |  8.3
Fighting       | 1 2 3 |  3.6
Dodging        | |  1.7
Stealth        | |  2.1
Spellcasting   | |  1.7
Conjurations   | |  0.7
Fire Magic     | |  2.4

Action                   |  1- 3 |  4- 6 |  7- 9 || total
-------------------------+-------+-------+-------++-------
Melee: Unarmed           |   136 |   160 |    63 ||   359
       Punch             |     2 |     7 |     1 ||    10
  Use: Scroll            |     3 |    12 |     1 ||    16
       Potion            |     1 |     4 |       ||     5
 Stab: Sleeping          |     1 |     2 |       ||     3
       Distracted        |       |     2 |       ||     2
Armor: Robe              |    16 |     5 |       ||    21
       Leather armour    |       |    21 |       ||    21
       Ring mail         |       |     6 |    13 ||    19
Dodge: Dodged            |    86 |    70 |    43 ||   199

Table legend:
 A = Non-vault XP
 B = Vault XP
 C = Vault XP percentage of total XP
 D = Non-vault monster count
 E = Vault monster count
 F = Vault count percentage of total count
                 A         B        C        D         E       F
            +---------+---------+-------+---------+---------+-------
      Total |    1108 |       5 |   0.4 |      95 |       2 |   2.1
            +---------+---------+-------+---------+---------+-------
        D:1 |      36 |       5 |  12.2 |      20 |       2 |   9.1
        D:2 |      72 |       0 |   0.0 |      22 |       0 |   0.0
        D:3 |     107 |       0 |   0.0 |      11 |       0 |   0.0
        D:4 |     263 |       0 |   0.0 |      25 |       0 |   0.0
        D:5 |     630 |       0 |   0.0 |      17 |       0 |   0.0
            +---------+---------+-------+---------+---------+-------
